Map: Orbital Shipyard

Players

PartinG

  • Race: Protoss Protoss
  • League: Platinum

ShoWTimE - Winner!

  • Race: Protoss Protoss

Event: DreamHack ROCCAT LotV Championship

VOD

Have the link to the VOD?

Description

Time

  • Played on: Nov. 28, 2015, 11:23 a.m.
  • Length: 23:48

All games in this series

Show
View Real Time Build Order
Export as new Build Order

PartinG Protoss 

Build Orders: Nexus First, Blink Stalkers 

Get SALT Encoding   

  12  0:00  Probe (Chrono Boost)  
  13  0:11  Probe (Chrono Boost)  
  14  0:20  Pylon  
  14  0:22  Probe (Chrono Boost)  
  15  0:38  Probe (Chrono Boost)  
  16  0:48  Probe (Chrono Boost)  
  17  0:59  Nexus  
  17  1:09  Gateway  
  17  1:12  Probe (Chrono Boost)  
  17  1:17  Assimilator  
  18  1:23  Probe (Chrono Boost)  
  18  1:25  Assimilator  
  19  1:33  Probe (Chrono Boost)  
  20  1:44  Probe (Chrono Boost)  
  21  1:54  Probe (Chrono Boost)  
  21  1:57  Cybernetics Core  
  22  2:05  Probe (Chrono Boost)  
  22  2:06  Pylon  
  23  2:12  Probe (Chrono Boost)  
  25  2:15  Probe (Chrono Boost)  
  26  2:22  Probe (Chrono Boost)  
  26  2:26  Probe (Chrono Boost)  
  27  2:33  Probe (Chrono Boost)  
  27  2:34  Stalker, Warp Gate  
  27  2:36  Probe (Chrono Boost)  
  31  2:44  Twilight Council  
  31  2:46  Probe (Chrono Boost)  
  31  2:47  Probe (Chrono Boost)  
  33  2:56  Probe (Chrono Boost)  
  33  2:58  Mothership Core (Chrono Boost)  
  36  3:03  Pylon  
  36  3:04  Stalker  
  38  3:07  Probe (Chrono Boost)  
  39  3:16  Probe x2 (Chrono Boost)  
  39  3:18  Blink (Chrono Boost)  
  41  3:26  Probe  
  41  3:27  Probe  
  41  3:30  Pylon  
  41  3:33  Stalker  
  45  3:36  Pylon  
  45  3:41  Probe  
  45  3:42  Probe  
  45  3:46  Gateway  
  47  3:53  Gateway  
  47  3:57  Robotics Facility  
  47  3:59  Probe  
  47  4:00  Probe  
  49  4:03  Stalker  
  49  4:08  Pylon  
  51  4:10  Probe  
  51  4:12  Probe  
  53  4:18  Pylon  
  53  4:26  Nexus  
  53  4:28  Assimilator  
  53  4:29  Assimilator  
  53  4:34  Pylon  
  53  4:37  Probe  
  53  4:38  Probe  
  55  4:44  Observer (Chrono Boost)  
  56  4:47  Pylon  
  56  4:48  Stalker x2  
  56  4:49  Probe  
  56  4:50  Probe  
  62  4:55  Stalker  
  62  4:56  Pylon  
  64  5:04  Gateway  
  64  5:06  Gateway  
  64  5:10  Gateway  
  64  5:11  Observer (Chrono Boost)  
  64  5:13  Gateway  
  65  5:20  Stalker x2  
  69  5:25  Pylon  
  69  5:26  Stalker  
  71  5:32  Warp Prism (Chrono Boost)  
  73  5:36  Probe x2  
  73  5:42  Probe  
  75  5:49  Probe x2 (Chrono Boost)  
  78  5:52  Stalker x2  
  82  5:57  Stalker  
  82  5:59  Probe (Chrono Boost)  
  82  6:00  Probe (Chrono Boost)  
  82  6:02  Probe (Chrono Boost), Observer  
  88  6:12  Probe x2 (Chrono Boost)  
  88  6:14  Stalker, Probe (Chrono Boost)  
  88  6:15  Stalker, Robotics Bay  
  95  6:31  Stalker x3  
  101  6:33  Probe x2 (Chrono Boost)  
  101  6:35  Probe (Chrono Boost), Assimilator  
  104  6:40  Assimilator  
  104  6:44  Stalker x3  
  104  6:45  Probe (Chrono Boost)  
  104  6:46  Probe (Chrono Boost)  
  111  6:47  Probe (Chrono Boost)  
  111  6:48  Forge  
  109  7:15  Stalker x6  
  119  7:17  Probe x2 (Chrono Boost)  
  119  7:19  Probe (Chrono Boost)  
  124  7:23  Pylon  
  124  7:24  Pylon  
  124  7:26  Pylon  
  124  7:27  Pylon  
  124  7:36  Disruptor  
  124  7:40  Probe (Chrono Boost)  
  124  7:42  Probe (Chrono Boost)  
  124  7:43  Adept x4  
  135  7:51  Nexus  
  135  7:53  Robotics Facility  
  135  7:54  Gravitic Drive  
  135  7:55  Protoss Ground Weapons Level 1 (Chrono Boost)  
  135  8:05  Pylon x2  
  135  8:07  Photon Cannon  
  135  8:10  Dark Shrine  
  135  8:12  Disruptor (Chrono Boost)  
  138  8:30  Stalker x5, Pylon  
  138  8:31  Stalker  
  138  8:34  Gateway  
  150  8:35  Gateway  
  149  8:43  Disruptor (Chrono Boost)  
  149  8:45  Disruptor (Chrono Boost)  
  155  8:54  Photon Cannon  
  155  8:55  Photon Cannon  
  155  8:56  Photon Cannon  
  155  9:16  Disruptor (Chrono Boost)  
  155  9:17  Disruptor (Chrono Boost)  
  157  9:30  Photon Cannon  
  143  9:31  Pylon  
  141  9:40  Gateway  
  141  9:41  Gateway, Pylon  
  141  9:42  Stalker x2  
  141  9:43  Stalker x4, Protoss Ground Weapons Level 2  
  152  9:47  Warp Prism (Chrono Boost)  
  152  9:48  Observer (Chrono Boost)  
  153  10:00  Pylon  
  153  10:01  Pylon  
  153  10:03  Pylon  
  153  10:05  Stalker x4  
  153  10:06  Stalker x4  
  169  10:10  Observer (Chrono Boost)  
  169  10:13  Assimilator  
  170  10:14  Assimilator  
  170  10:15  Templar Archives  
  164  10:38  Stalker x8  
  148  11:01  Stalker x7  
  148  11:02  Stalker  
  139  11:08  Stalker  
  122  11:17  Disruptor (Chrono Boost)  
  100  11:24  Dark Templar  
  102  11:30  Disruptor (Chrono Boost)  
  105  11:35  Photon Cannon  
  105  11:45  Stalker x3  
  105  11:46  Zealot x6  
  123  11:48  Disruptor (Chrono Boost)  
  123  12:02  Disruptor (Chrono Boost)  
  116  12:09  Stalker x4  
  116  12:12  Assimilator  
  116  12:14  Stalker  
  116  12:15  Stalker  
  128  12:19  Disruptor (Chrono Boost)  
  128  12:20  Stalker  
  128  12:21  Stalker  
  133  12:25  Photon Cannon  
  133  12:26  Pylon  
  133  12:35  Disruptor (Chrono Boost)  
  136  12:39  Stalker x4  
  136  12:41  Stalker  
  144  12:45  Stalker  
  145  13:01  Disruptor (Chrono Boost)  
  145  13:05  Pylon  
  148  13:06  Protoss Ground Weapons Level 3, Disruptor (Chrono Boost)  
  148  13:08  Nexus  
  151  13:13  Stalker x2  
  155  13:20  Pylon  
  155  13:32  Disruptor (Chrono Boost)  
  158  13:37  Stalker, Disruptor (Chrono Boost)  
  158  13:38  Stalker x2  
  167  13:45  Pylon  
  167  13:47  Pylon  
  167  13:50  Pylon  
  167  14:03  Stalker x4, Observer (Chrono Boost)  
  176  14:14  Warp Prism (Chrono Boost)  
  178  14:19  High Templar x2  
  178  14:20  High Templar x2  
  178  14:23  Archon  
  178  14:24  Archon  
  178  14:36  Stalker x4  
  182  14:45  Stalker  
  182  14:46  Stalker  
  185  15:02  Stalker x5  
  185  15:22  Stalker x5  
  185  15:28  Stalker x2  
  199  15:29  Protoss Ground Armor Level 1  
  195  15:42  Stalker x2  
  197  16:07  Stalker  
  199  16:15  Stalker  
  199  16:31  Stalker x2  
  183  16:47  Stalker x6  
  183  16:48  Stalker x2  
  199  16:59  Observer (Chrono Boost)  
  200  17:03  Stalker x2  
  200  17:12  Nexus  
  200  17:13  Pylon  
  196  17:17  Stalker x2  
  200  17:29  Disruptor x2 (Chrono Boost)  
  198  17:30  Stalker  
  198  17:41  Stalker  
  196  18:04  Stalker  
  196  18:05  Stalker x7  
  189  18:12  Stalker x2  
  191  18:21  Warp Prism x2 (Chrono Boost)  
  155  18:55  Dark Templar x2  
  155  19:00  Stalker x8  
  173  19:04  Disruptor x2 (Chrono Boost)  
  175  19:26  Stalker x4  
  179  19:31  Stalker x3  
  179  19:32  Stalker  
  183  19:41  Assimilator  
  183  19:42  Assimilator  
  183  19:44  Zealot, Assimilator x2  
  183  19:45  Zealot  
  185  19:55  Stalker x3  
  185  19:56  Stalker x3  
  188  20:02  Dark Templar  
  188  20:04  Observer (Chrono Boost)  
  182  20:11  Photon Cannon  
  182  20:13  Photon Cannon  
  182  20:15  Photon Cannon  
  167  20:23  Stalker x3, Zealot x2  
  167  20:24  Zealot x4  
  179  20:40  Stalker  
  178  20:54  Stalker x5  
  178  20:55  Stalker  
  188  21:07  Stalker x3  
  182  21:32  Stalker x4  
  176  22:01  Stalker x4  
  157  22:30  Observer x2 (Chrono Boost)  
  157  22:33  Stalker  
  157  22:34  Stalker x4  
  152  23:02  Observer (Chrono Boost)  
  152  23:03  Observer (Chrono Boost)  
  153  23:05  Stalker x3  
  153  23:06  Stalker  
  151  23:38  Stalker x4  
Show
View Real Time Build Order
Export as new Build Order

ShoWTimE Protoss - Winner!

Build Orders: Nexus First, Blink Stalkers 

Get SALT Encoding   

  12  0:00  Probe (Chrono Boost)  
  13  0:11  Probe (Chrono Boost)  
  14  0:17  Pylon  
  14  0:22  Probe (Chrono Boost)  
  15  0:36  Probe (Chrono Boost)  
  16  0:46  Probe (Chrono Boost)  
  17  0:58  Nexus  
  17  1:08  Gateway  
  17  1:10  Probe (Chrono Boost)  
  18  1:16  Assimilator  
  18  1:21  Probe (Chrono Boost)  
  18  1:25  Assimilator  
  19  1:31  Probe (Chrono Boost)  
  20  1:37  Gateway  
  20  1:42  Probe (Chrono Boost)  
  21  1:52  Probe (Chrono Boost)  
  22  1:56  Cybernetics Core  
  22  2:03  Probe (Chrono Boost)  
  23  2:10  Probe (Chrono Boost)  
  23  2:13  Probe (Chrono Boost)  
  25  2:20  Probe (Chrono Boost)  
  26  2:24  Probe (Chrono Boost)  
  27  2:31  Probe (Chrono Boost)  
  27  2:33  Stalker, Adept  
  27  2:35  Probe (Chrono Boost), Warp Gate  
  33  2:41  Probe (Chrono Boost)  
  34  2:44  Pylon  
  34  2:48  Probe (Chrono Boost)  
  35  2:52  Probe (Chrono Boost)  
  36  2:59  Mothership Core (Chrono Boost)  
  36  3:03  Probe (Chrono Boost)  
  39  3:10  Twilight Council  
  39  3:12  Stalker  
  41  3:13  Probe (Chrono Boost)  
  41  3:17  Probe (Chrono Boost)  
  45  3:24  Probe (Chrono Boost)  
  45  3:28  Probe (Chrono Boost)  
  45  3:29  Pylon  
  44  3:34  Probe (Chrono Boost)  
  44  3:35  Robotics Facility  
  44  3:38  Probe (Chrono Boost)  
  46  3:41  Pylon  
  46  3:44  Blink (Chrono Boost)  
  46  3:47  Probe (Chrono Boost)  
  47  3:49  Probe (Chrono Boost)  
  48  3:56  Probe  
  48  3:58  Gateway  
  48  3:59  Assimilator  
  48  4:01  Probe  
  48  4:02  Assimilator  
  50  4:07  Probe  
  51  4:11  Stalker  
  51  4:13  Probe  
  51  4:14  Stalker  
  56  4:18  Probe  
  57  4:25  Probe  
  57  4:27  Observer (Chrono Boost)  
  57  4:30  Nexus  
  59  4:34  Probe, Pylon  
  59  4:38  Pylon  
  60  4:41  Probe  
  61  4:46  Probe  
  66  4:53  Immortal (Chrono Boost)  
  66  4:54  Probe  
  66  4:57  Pylon  
  67  5:01  Stalker  
  67  5:03  Stalker  
  67  5:07  Stalker  
  73  5:09  Probe x2  
  75  5:19  Robotics Bay  
  75  5:21  Probe x2  
  76  5:25  Pylon  
  77  5:33  Probe (Chrono Boost)  
  77  5:34  Probe (Chrono Boost)  
  79  5:39  Stalker x3  
  85  5:45  Probe (Chrono Boost)  
  85  5:46  Probe (Chrono Boost)  
  85  5:48  Probe (Chrono Boost)  
  86  5:51  Pylon  
  86  5:56  Probe (Chrono Boost)  
  88  5:57  Probe (Chrono Boost)  
  88  6:00  Probe (Chrono Boost)  
  88  6:02  Forge, Assimilator  
  89  6:06  Probe (Chrono Boost)  
  89  6:07  Assimilator  
  89  6:08  Stalker  
  89  6:09  Stalker x2  
  97  6:11  Probe (Chrono Boost)  
  97  6:13  Probe (Chrono Boost), Disruptor  
  97  6:17  Pylon  
  101  6:19  Probe (Chrono Boost)  
  102  6:34  Stalker, Robotics Facility  
  102  6:35  Stalker x2  
  102  6:36  Protoss Ground Weapons Level 1 (Chrono Boost)  
  102  6:38  Photon Cannon  
  104  6:48  Pylon  
  104  6:50  Immortal, Pylon  
  104  6:53  Pylon  
  108  7:03  Stalker x2  
  112  7:12  Gateway  
  112  7:14  Gateway  
  112  7:15  Gateway  
  111  7:21  Pylon  
  111  7:25  Pylon  
  111  7:26  Observer  
  112  7:35  Immortal  
  113  7:42  Stalker, Pylon  
  115  7:46  Gateway  
  115  7:47  Gateway, Immortal  
  115  7:51  Pylon  
  117  8:03  Stalker  
  119  8:07  Pylon  
  119  8:10  Pylon  
  119  8:12  Stalker, Immortal  
  121  8:14  Stalker x2  
  121  8:15  Stalker  
  131  8:21  Disruptor  
  132  8:28  Gateway  
  132  8:31  Protoss Ground Weapons Level 2 (Chrono Boost)  
  133  8:41  Probe  
  133  8:46  Disruptor  
  133  8:47  Stalker x5, Pylon  
  143  8:53  Photon Cannon  
  146  8:56  Probe, Photon Cannon  
  146  9:02  Stalker x2  
  149  9:11  Stalker x4  
  149  9:12  Stalker  
  149  9:16  Disruptor  
  152  9:25  Disruptor  
  152  9:26  Probe  
  152  9:27  Probe  
  152  9:29  Nexus  
  157  9:32  Pylon  
  157  9:37  Stalker x5  
  167  9:47  Disruptor  
  168  9:56  Disruptor  
  168  9:57  Photon Cannon  
  168  9:58  Stargate  
  168  10:00  Photon Cannon  
  168  10:06  Pylon  
  168  10:07  Probe x2  
  173  10:12  Stalker x4  
  181  10:16  Pylon  
  181  10:25  Disruptor  
  181  10:39  Stalker x5, Protoss Ground Weapons Level 3 (Chrono Boost)  
  191  10:49  Disruptor  
  184  10:57  Disruptor  
  184  11:03  Stalker  
  184  11:04  Stalker x2  
  167  11:15  Probe  
  167  11:17  Probe, Assimilator  
  161  11:20  Probe, Assimilator  
  161  11:22  Observer  
  163  11:28  Stalker x5  
  163  11:30  Stalker  
  175  11:46  Fleet Beacon  
  175  11:47  Observer  
  176  11:58  Disruptor  
  176  11:59  Stargate  
  168  12:04  Stalker  
  168  12:05  Stalker  
  169  12:22  Stalker  
  169  12:23  Stalker x5  
  180  12:35  Stalker x2  
  184  12:40  Protoss Ground Armor Level 1 (Chrono Boost)  
  184  12:47  Tempest x2 (Chrono Boost)  
  192  12:53  Photon Cannon  
  192  12:55  Photon Cannon  
  192  12:56  Photon Cannon  
  192  13:00  Photon Cannon  
  192  13:01  Photon Cannon  
  192  13:15  Photon Cannon  
  192  13:16  Photon Cannon  
  192  13:29  Tempest x2 (Chrono Boost)  
  200  13:35  Nexus  
  200  13:36  Observer  
  200  13:37  Pylon  
  195  13:46  Pylon  
  195  13:48  Pylon  
  195  13:52  Pylon  
  195  13:54  Dark Shrine  
  195  13:57  Photon Cannon  
  193  14:05  Observer  
  193  14:08  Tempest (Chrono Boost)  
  198  14:13  Photon Cannon  
  198  14:15  Photon Cannon  
  198  14:22  Oracle (Chrono Boost)  
  195  14:35  Protoss Ground Armor Level 2  
  195  14:36  Disruptor x2  
  198  14:44  Photon Cannon  
  198  14:45  Tempest (Chrono Boost), Photon Cannon  
  200  14:50  Assimilator  
  200  14:52  Assimilator  
  200  14:54  Protoss Air Weapons Level 1  
  200  16:07  Oracle (Chrono Boost)  
  196  16:40  Protoss Shields Level 1  
  200  16:47  Tempest (Chrono Boost)  
  200  16:54  Protoss Air Weapons Level 2  
  200  16:55  Gateway  
  200  16:57  Gateway  
  200  16:59  Gateway  
  200  17:02  Gateway  
  200  17:05  Gateway  
  200  17:08  Pylon  
  194  17:17  Tempest (Chrono Boost)  
  195  17:25  Nexus  
  194  17:35  Tempest (Chrono Boost)  
  198  17:49  Stalker  
  197  18:14  Protoss Ground Armor Level 3  
  197  18:17  Stalker  
  197  18:32  Dark Templar  
  199  18:36  Dark Templar x3  
  199  18:37  Dark Templar  
  160  18:49  Tempest x2 (Chrono Boost)  
  160  18:51  Stalker  
  160  18:52  Stalker x6  
  160  18:53  Stalker  
  176  18:56  Probe  
  176  18:57  Probe  
  176  18:58  Probe x2  
  180  19:11  Dark Templar x4  
  184  19:19  Nexus  
  179  19:29  Observer  
  179  19:30  Nexus  
  166  19:39  Probe  
  166  19:40  Probe x2  
  166  19:41  Probe  
  166  19:42  Dark Templar x2, Nexus  
  166  19:43  Dark Templar  
  166  19:45  Disruptor  
  176  19:47  Stalker  
  176  19:48  Dark Templar, Zealot x3  
  176  19:50  Disruptor  
  192  19:56  Dark Templar, Zealot x3  
  200  20:14  Pylon  
  198  20:22  Observer  
  191  20:32  Oracle (Chrono Boost)  
  192  20:40  Stalker x4  
  197  20:59  Nexus  
  179  21:21  Dark Templar, Zealot x3  
  182  21:31  Stalker  
  182  21:32  Stalker x3  
  190  21:33  Mothership Core  
  190  21:36  Probe  
  190  21:38  Probe x2  
  192  21:41  Pylon  
  188  21:59  Stalker  
  188  22:00  Stalker x6  
  199  22:40  Stalker  
  199  22:41  Stalker  
  199  22:57  Observer  
  198  23:15  Photon Cannon  

Tags
 
Add a new tag
Caveats
  • Supply blocks, unpowered buildings, or Contaminate may cause inaccurate times.
  • Supply counts are checked every 10 seconds.